PL
D.C. DIVIDED @ ATLANTA SMOKE
08/09/2030
 
TOP OF THE 1ST
D.C. Divided batting - Pitching for Atlanta Smoke : RHP Calvin Beck
Pitching: RHP Calvin Beck
Batting: RHB Roberto Maestas 0-0: Ball
1-0: Foul Ball, location: 2F
1-1: Ball
2-1: Reached on error, E5 (Groundball, 5)
Batting: RHB Tony Romero 0-0: Ball
1-0: TRIPLE (Line Drive, 8RXD)
Roberto Maestas scores
Batting: LHB Obidiah Lewis 0-0: Swinging Strike
0-1: Ball
1-1: Foul Ball, location: 2F
1-2: Foul Ball, location: 2F
1-2: Ball
2-2: Foul Ball, location: 2F
2-2: Strikes out swinging
Batting: RHB Wilbur Davis 0-0: Called Strike
0-1: Ball
Balk!
Tony Romero scores
1-1: Swinging Strike
1-2: Strikes out looking
Batting: RHB Julián Salcido 0-0: Ball
1-0: Called Strike
1-1: Called Strike
1-2: Ball
2-2: Foul Ball, location: 2F
2-2: Strikes out swinging
Top of the 1st over - 2 runs, 1 hit, 1 error, 0 left on base; D.C. 2 - Atlanta 0
BOTTOM OF THE 1ST
Atlanta Smoke batting - Pitching for D.C. Divided : RHP Luis Fernández
Pitching: RHP Luis Fernández
Batting: RHB Bobby Butterfield 0-0: Ball
1-0: Ball
2-0: Called Strike
2-1: Called Strike
2-2: Ground out 5-3 (Groundball, 56S)
Batting: LHB Albert Morán 0-0: Ball
1-0: Called Strike
1-1: Ball
2-1: DOUBLE (Line Drive, 8RXD)
Batting: SHB Valentín Guzmán 0-0: Called Strike
0-1: Foul Ball, location: 2F
0-2: Fly out, F9 (Line Drive, 89M)
Now in RF: Rubén Alvarado
Batting: LHB Yataro Kodo 0-0: Called Strike
0-1: Foul Ball, location: 2F
0-2: Foul Ball, location: 2F
0-2: Ground out 6-3 (Groundball, 6)
Bottom of the 1st over - 0 runs, 1 hit, 0 errors, 1 left on base; D.C. 2 - Atlanta 0
TOP OF THE 2ND
D.C. Divided batting - Pitching for Atlanta Smoke : RHP Calvin Beck
Batting: RHB Mario Castillo 0-0: SOLO HOME RUN (Flyball, 7D), Distance : 445 ft
Batting: RHB Arturo Rodríguez 0-0: Called Strike
0-1: Ball
1-1: Ground out 4-3 (Groundball, 4)
Batting: LHB Neil Lawson 0-0: Fly out, F3 (Line Drive, 3)
Batting: RHB Nick Boyd 0-0: Ground out 6-3 (Groundball, 56)
Top of the 2nd over - 1 run, 1 hit, 0 errors, 0 left on base; D.C. 3 - Atlanta 0
BOTTOM OF THE 2ND
Atlanta Smoke batting - Pitching for D.C. Divided : RHP Luis Fernández
Batting: RHB Gabriel Maldonado 0-0: Ball
1-0: Ball
2-0: Ball
3-0: Called Strike
3-1: DOUBLE (Flyball, 8LD)
Batting: RHB Layton Templeman 0-0: Called Strike
0-1: Ball
1-1: Ball
2-1: Ground out 6-3 (Groundball, 6)
Batting: RHB Gerardo Castillo 0-0: Ball
1-0: Ball
2-0: Called Strike
2-1: Fly out, F9 (Flyball, 9LMF)
Batting: RHB Bartolo Morales 0-0: DOUBLE (Line Drive, 7LM)
Gabriel Maldonado scores
Batting: RHB Ernesto Trevino 0-0: Swinging Strike
0-1: Ball
1-1: Called Strike
1-2: Strikes out swinging
Bottom of the 2nd over - 1 run, 2 hits, 0 errors, 1 left on base; D.C. 3 - Atlanta 1
TOP OF THE 3RD
D.C. Divided batting - Pitching for Atlanta Smoke : RHP Calvin Beck
Batting: RHB Roberto Maestas 0-0: Foul Ball, location: 2F
0-1: Foul Ball, location: 2F
0-2: Ground out 4-3 (Groundball, 4)
Batting: RHB Tony Romero 0-0: Ball
1-0: Called Strike
1-1: Ball
2-1: Ball
3-1: SINGLE (Groundball, 34D)
Batting: LHB Obidiah Lewis 0-0: Ball
1-0: Ball
2-0: Ball
3-0: Called Strike
3-1: Fly out, F4 (Line Drive, 34)
Batting: RHB Rubén Alvarado 0-0: Called Strike
0-1: Ball
1-1: Ball
2-1: Ball
3-1: Fly out, F6 (Line Drive, 6M)
Top of the 3rd over - 0 runs, 1 hit, 0 errors, 1 left on base; D.C. 3 - Atlanta 1
BOTTOM OF THE 3RD
Atlanta Smoke batting - Pitching for D.C. Divided : RHP Luis Fernández
Batting: RHB Bobby Butterfield 0-0: Called Strike
0-1: Foul Ball, location: 2F
0-2: Ball
1-2: Ground out 5-3 (Groundball, 56)
Batting: LHB Albert Morán 0-0: Foul Ball, location: 2F
0-1: Fly out, F8 (Line Drive, 8RM)
Batting: SHB Valentín Guzmán 0-0: Called Strike
0-1: Ball
1-1: Ball
2-1: Ball
3-1: Fly out, F4 (Popup, 4)
Bottom of the 3rd over - 0 runs, 0 hits, 0 errors, 0 left on base; D.C. 3 - Atlanta 1
TOP OF THE 4TH
D.C. Divided batting - Pitching for Atlanta Smoke : RHP Calvin Beck
Batting: RHB Julián Salcido 0-0: Ball
1-0: Swinging Strike
1-1: Foul Ball, location: 2F
1-2: DOUBLE (Line Drive, 7LS)
Batting: RHB Mario Castillo 0-0: Ball
1-0: Called Strike
1-1: Ground out 4-3 (Groundball, 34)
Julián Salcido to third
Batting: RHB Arturo Rodríguez 0-0: Fly out, F7 (Flyball, 7LS)
Runner from 3rd tags up, SCORES, throw made
Batting: LHB Neil Lawson 0-0: Ball
1-0: Swinging Strike
1-1: Swinging Strike
1-2: Strikes out swinging
Top of the 4th over - 1 run, 1 hit, 0 errors, 0 left on base; D.C. 4 - Atlanta 1
BOTTOM OF THE 4TH
Atlanta Smoke batting - Pitching for D.C. Divided : RHP Luis Fernández
Batting: LHB Yataro Kodo 0-0: SOLO HOME RUN (Flyball, 9LD), Distance : 355 ft
Batting: RHB Gabriel Maldonado 0-0: Ball
1-0: Foul Ball, location: 2F
1-1: Swinging Strike
1-2: Ball
2-2: Foul Ball, location: 2F
2-2: Strikes out swinging
Batting: RHB Layton Templeman 0-0: Ball
1-0: Called Strike
1-1: Ball
2-1: Ground out 6-3 (Groundball, 6)
Batting: RHB Gerardo Castillo 0-0: Ground out 3-1 (Groundball, 34)
Bottom of the 4th over - 1 run, 1 hit, 0 errors, 0 left on base; D.C. 4 - Atlanta 2
TOP OF THE 5TH
D.C. Divided batting - Pitching for Atlanta Smoke : RHP Calvin Beck
Batting: RHB Nick Boyd 0-0: Ball
1-0: Called Strike
1-1: Called Strike
1-2: SINGLE (Line Drive, 78M)
Batting: RHB Roberto Maestas 0-0: Sac Bunt - play at first, batter OUT! 3-4
Nick Boyd to second
Batting: RHB Tony Romero 0-0: Called Strike
0-1: Ball
1-1: Called Strike
1-2: Strikes out swinging
Batting: LHB Obidiah Lewis 0-0: Ball
1-0: Ball
2-0: Called Strike
2-1: Ball
3-1: Ground out 4-3 (Groundball, 4)
Top of the 5th over - 0 runs, 1 hit, 0 errors, 1 left on base; D.C. 4 - Atlanta 2
BOTTOM OF THE 5TH
Atlanta Smoke batting - Pitching for D.C. Divided : RHP Luis Fernández
Batting: RHB Bartolo Morales 0-0: Called Strike
0-1: Ball
1-1: Ground out 6-3 (Groundball, 6)
Batting: RHB Ernesto Trevino 0-0: Foul Ball, location: 2F
0-1: Ball
1-1: Ball
2-1: Ball
3-1: Ground out 5-3 (Groundball, 56)
Batting: RHB Bobby Butterfield 0-0: Called Strike
0-1: Foul Ball, location: 2F
0-2: Ground out U3 (Groundball, 34)
Bottom of the 5th over - 0 runs, 0 hits, 0 errors, 0 left on base; D.C. 4 - Atlanta 2
TOP OF THE 6TH
D.C. Divided batting - Pitching for Atlanta Smoke : RHP Calvin Beck
Batting: RHB Rubén Alvarado 0-0: Ball
1-0: Fly out, F8 (Flyball, 8LM)
Batting: RHB Julián Salcido 0-0: Fly out, F3 (Flyball, 3D)
Batting: RHB Mario Castillo 0-0: Ball
1-0: Called Strike
1-1: Called Strike
1-2: Strikes out swinging, 2-3 out at first.
Top of the 6th over - 0 runs, 0 hits, 0 errors, 0 left on base; D.C. 4 - Atlanta 2
BOTTOM OF THE 6TH
Atlanta Smoke batting - Pitching for D.C. Divided : RHP Luis Fernández
Batting: LHB Albert Morán 0-0: DOUBLE (Line Drive, 9LM)
Pinch Runner at 2nd Raúl Duarte:
Batting: SHB Valentín Guzmán 0-0: Ball
1-0: Ball
2-0: Ball
3-0: Fly out, F4 (Line Drive, 4)
Batting: LHB Yataro Kodo 0-0: Ball
1-0: Fly out, F7 (Flyball, 78S)
Batting: RHB Gabriel Maldonado 0-0: Ground out 1-3 (Groundball, 13)
Bottom of the 6th over - 0 runs, 1 hit, 0 errors, 1 left on base; D.C. 4 - Atlanta 2
TOP OF THE 7TH
D.C. Divided batting - Pitching for Atlanta Smoke : RHP Calvin Beck
Batting: RHB Arturo Rodríguez 0-0: Called Strike
0-1: Ball
1-1: Foul Ball, location: 2F
1-2: Ball
2-2: Foul Ball, location: 2F
2-2: Ball
3-2: Base on Balls
Batting: LHB Neil Lawson 0-0: Swinging Strike
0-1: Ball
1-1: Ball
2-1: Fly out, F9 (Flyball, 89M)
Batting: RHB Nick Boyd 0-0: Ball
1-0: Ball
2-0: Foul Ball, location: 2F
2-1: Foul Ball, location: 2F
2-2: Fly out, F7 (Flyball, 7S)
Batting: RHB Roberto Maestas 0-0: Swinging Strike
0-1: Called Strike
0-2: Fielders Choice at 2nd, 6-4 (Groundball, 6)
Top of the 7th over - 0 runs, 0 hits, 0 errors, 1 left on base; D.C. 4 - Atlanta 2
BOTTOM OF THE 7TH
Atlanta Smoke batting - Pitching for D.C. Divided : RHP Luis Fernández
Batting: RHB Layton Templeman 0-0: Called Strike
0-1: Ball
1-1: Swinging Strike
1-2: Ball
2-2: Fly out, F4 (Line Drive, 4M)
Batting: RHB Gerardo Castillo 0-0: Ball
1-0: Ball
2-0: Called Strike
2-1: Fly out, F8 (Flyball, 8RD)
Batting: RHB Bartolo Morales 0-0: Called Strike
0-1: Ball
1-1: SINGLE (Groundball, 6MD)
Batting: RHB Ernesto Trevino 0-0: SINGLE (Line Drive, 6D)
Bartolo Morales to second
Batting: RHB Bobby Butterfield 0-0: Called Strike
0-1: Ball
1-1: Ball
2-1: Ball
3-1: Foul Ball, location: 2F
3-2: Ground out 1-3 (Groundball, P)
Bottom of the 7th over - 0 runs, 2 hits, 0 errors, 2 left on base; D.C. 4 - Atlanta 2
TOP OF THE 8TH
D.C. Divided batting - Pitching for Atlanta Smoke : RHP Calvin Beck
Batting: RHB Tony Romero 0-0: Reached on error, E4 (Groundball, 4)
Pitching: RHP Miguel Aguilar
Batting: LHB Obidiah Lewis 0-0: Ball
1-0: Fielders Choice at 2nd, 1-4 (Groundball, 15S)
Now at 2B: Arnold Griffith
Batting: RHB Rubén Alvarado 0-0: Called Strike
0-1: Swinging Strike
0-2: Ball
1-2: SINGLE (Line Drive, 4MD)
Obidiah Lewis to second
Batting: RHB Julián Salcido 0-0: Ball
1-0: Ball
2-0: Called Strike
2-1: Called Strike
2-2: Ball
3-2: Fly out, F9 (Flyball, 89S)
Now in RF: Sadakuno Taketo
Batting: RHB Mario Castillo 0-0: Ball
1-0: Ball
2-0: SINGLE (Groundball, 34D)
Obidiah Lewis to third
Rubén Alvarado to second
Runner from 3rd tries for Home, SAFE, no throw
Batting: RHB Arturo Rodríguez 0-0: Ball
1-0: Ball
2-0: Ball
3-0: Base on Balls
Rubén Alvarado to third
Mario Castillo to second
Batting: LHB Neil Lawson 0-0: Ball
1-0: Foul Ball, location: 2F
1-1: Swinging Strike
1-2: Foul Ball, location: 2F
1-2: SINGLE (Groundball, 34D)
Rubén Alvarado scores
Mario Castillo to third
Arturo Rodríguez to second
Throwing error, E9
Mario Castillo scores
Arturo Rodríguez to third
Neil Lawson to second
Batting: RHB Nick Boyd 0-0: Called Strike
0-1: Foul Ball, location: 2F
0-2: Ball
1-2: Ball
2-2: Strikes out swinging
Top of the 8th over - 3 runs, 3 hits, 2 errors, 2 left on base; D.C. 7 - Atlanta 2
BOTTOM OF THE 8TH
Atlanta Smoke batting - Pitching for D.C. Divided : RHP Luis Fernández
Batting: SHB Raúl Duarte 0-0: Foul Ball, location: 2F
0-1: Called Strike
0-2: Ball
1-2: Ground out 4-3 (Groundball, 4)
Batting: SHB Valentín Guzmán 0-0: Called Strike
0-1: Ball
1-1: Swinging Strike
1-2: Ball
2-2: Foul Ball, location: 2F
2-2: Strikes out swinging
Batting: LHB Yataro Kodo 0-0: Called Strike
0-1: Foul Ball, location: 2F
0-2: Ball
1-2: Ball
2-2: SINGLE (Line Drive, 6MD)
Batting: RHB Gabriel Maldonado 0-0: Called Strike
0-1: Ball
1-1: SINGLE (Line Drive, 6M)
Yataro Kodo to second
Pitching: RHP Jon Dunn
Batting: SHB Arnold Griffith 0-0: Fielders Choice at 2nd, 5-4 (Groundball, 5)
Bottom of the 8th over - 0 runs, 2 hits, 0 errors, 2 left on base; D.C. 7 - Atlanta 2
TOP OF THE 9TH
D.C. Divided batting - Pitching for Atlanta Smoke : RHP Miguel Aguilar
Batting: RHB Roberto Maestas 0-0: Ground out 1-3 (Groundball, 13)
Batting: RHB Tony Romero 0-0: Swinging Strike
0-1: Ball
1-1: Called Strike
1-2: Foul Ball, location: 2F
1-2: Ball
2-2: Ground out 4-3 (Groundball, 4M)
Batting: LHB Obidiah Lewis 0-0: Called Strike
0-1: Ball
1-1: Ball
2-1: Foul Ball, location: 2F
2-2: Foul Ball, location: 2F
2-2: Foul Ball, location: 2F
2-2: DOUBLE (Line Drive, 8RXD)
Batting: RHB Rubén Alvarado 0-0: Ball
1-0: Swinging Strike
1-1: Ball
2-1: Swinging Strike
2-2: Strikes out swinging
Top of the 9th over - 0 runs, 1 hit, 0 errors, 1 left on base; D.C. 7 - Atlanta 2
BOTTOM OF THE 9TH
Atlanta Smoke batting - Pitching for D.C. Divided : RHP Jon Dunn
Batting: RHB Gerardo Castillo 0-0: Ball
1-0: Foul Ball, location: 2F
1-1: Foul Ball, location: 2F
1-2: Ball
2-2: Ball
3-2: Foul Ball, location: 2F
3-2: Strikes out swinging
Batting: RHB Bartolo Morales 0-0: Called Strike
0-1: Foul Ball, location: 2F
0-2: Ground out 6-3 (Groundball, 6)
Batting: RHB Sadakuno Taketo 0-0: Called Strike
0-1: Foul Ball, location: 2F
0-2: Ball
1-2: Ball
2-2: Foul Ball, location: 2F
2-2: Foul Ball, location: 2F
2-2: Ball
3-2: Base on Balls
Batting: RHB Bobby Butterfield 0-0: Ball
1-0: Fly out, F7 (Flyball, 7LS)
Bottom of the 9th over - 0 runs, 0 hits, 0 errors, 1 left on base; D.C. 7 - Atlanta 2
Sunday, March 18th, 2018 - OOTP Baseball 18.8 Build 76